 Dungeon Crawl Stone Soup version 0.14-a0-1570-g671a4b6 (webtiles) character file.

285 PolkaDot the Chiller (level 5, -2/35 HPs)
             Began as a Vampire Ice Elementalist on Dec 20, 2013.
             Slain by a green rat (7 damage)
             ... in a sewer.
             The game lasted 00:10:17 (2310 turns).

PolkaDot the Chiller (Vampire Ice Elementalist)     Turns: 2310, Time: 00:10:18

HP  -2/35        AC  2     Str  7      XL: 5   Next: 22%
MP   2/9         EV 12     Int 18      God:
Gold 119         SH  0     Dex 14      Spells:  1 memorised,  7 levels left

rFire  . . .     SeeInvis +     g - +1 short sword (speed)
rCold  . . .     Clarity  .     a - +0 robe
rNeg   . . .     Conserve .     (no shield)
rPois  .         rCorr    .     (no helmet)
rElec  .         rRot     .     (no cloak)
SustAb . .       Spirit   .     (no gloves)
rMut   .         Warding  .     (no boots)
Saprov . . .     Stasis   .     (no amulet)
                                (no ring)
                                (no ring)

@: regenerating quickly, slightly resistant to hostile enchantments, stealthy
A: fangs 3, see invisible, unbreathing
a: no special abilities


You were in a sewer.
You were very full.

You visited 1 branch of the dungeon, and saw 3 of its levels.
You also visited: Sewer.

You collected 119 gold pieces.

Inventory:

Hand weapons
 g - a +1,+1 short sword of speed (weapon)
Armour
 a - a +0 robe (worn)
Scrolls
 c - a scroll of enchant armour {unknown}
 d - a scroll of enchant weapon II {unknown}
 l - a scroll of curse weapon {unknown}
 m - a scroll of noise {unknown}
 n - 7 scrolls of remove curse {unknown}
 p - a scroll of fog {unknown}
 q - a scroll of random uselessness {unknown}
 s - a scroll of teleportation {unknown}
Potions
 e - 2 potions of restore abilities
 f - a potion of might
 h - a potion of heal wounds
 i - 2 potions of curing
 j - a potion of invisibility {unknown}
 k - 2 potions of paralysis {unknown}
 o - a potion of agility {unknown}
 r - a potion of speed {unknown}
Books
 b - a book of Frost

   Spells                             Type                      Level
   *Freeze                            Ice                          1
   Throw Frost                        Conjuration/Ice              2
   Ozocubu's Armour                   Charms/Ice                   3
   Throw Icicle                       Conjuration/Ice              4
   Summon Ice Beast                   Ice/Summoning                4
   Condensation Shield                Ice                          4


   Skills:
 - Level 2.1 Dodging
 - Level 3.0 Stealth
 - Level 2.0 Spellcasting
   Level 0.6 Conjurations
 * Level 6.0 Ice Magic


You had 7 spell levels left.
You knew the following spells:

 Your Spells              Type           Power        Failure   Level  Hunger
a - Freeze                Ice            ###.         1%          1    #......


Dungeon Overview and Level Annotations

Branches:
Dungeon (3/16)

Altars:
Sif Muna


Innate Abilities, Weirdness & Mutations

Your natural rate of healing is unusually fast.
You have razor-sharp teeth.*
You have supernaturally acute eyesight.
You can survive without breathing.*


Message History

You kill the green rat!
Your Ice Magic skill increases to level 6!
The grey rat bites you.
* * * LOW HITPOINT WARNING * * *
The grey rat barely misses you. The rat barely misses you.
The green rat barely misses you.
The grey rat bites you but does no damage.
Casting: Freeze
Confirm with . or Enter, or press ? or * to list all spells.
Aiming: Freeze
Press: ? - help, Shift-Dir - straight line, f - rat
Aim: a rat You freeze the rat.
You kill the rat!
The grey rat bites you.
* * * LOW HITPOINT WARNING * * *
The grey rat bites you.
* * * LOW HITPOINT WARNING * * *
The grey rat barely misses you. The green rat bites you!
You die...

##...≈≈≈≈≈≈#..
####...≈≈≈≈≈≈...
#∩###...≈≈≈≈≈≈..
#%###...≈≈≈≈≈... #
#..#...≈≈≈≈≈≈≈.# .#
##......≈≈≈≈≈..## ..#
#.....≈≈≈≈≈.≈..#...#
##....≈.≈≈≈≈..%...#
##.....≈≈≈≈≈%@r...#
##........≈≈≈rrr..##
##.........≈≈......#
#..#.......≈≈......#
#.###.....≈≈≈%.....#
#∩###.....≈≈≈.......#
####.....≈.≈≈...##...
##.....≈≈≈≈..## ..
#.....≈.≈≈≈.≈##


You could see a green rat and 3 grey rats.

Vanquished Creatures
  Ijyb (D:2)
  A green rat (Sewer)
  4 adders (D:2)
  2 worms (D:3)
  10 grey rats
  8 bats
  2 giant cockroaches
  7 goblins
  8 hobgoblins
  2 quokkas
  2 ball pythons (Sewer)
  7 giant newts
  12 kobolds
  11 rats
77 creatures vanquished.

Notes
Turn   | Place    | Note
--------------------------------------------------------------
     0 | D:1      | PolkaDot, the Vampire Ice Elementalist, began the quest for the Orb.
     0 | D:1      | Reached XP level 1. HP: 13/13 MP: 3/3
     6 | D:1      | Noticed a swamp drake
     6 | D:1      | Noticed a black bear
     6 | D:1      | Noticed a black mamba
   241 | D:1      | Reached XP level 2. HP: 16/19 MP: 0/4
   623 | D:1      | Reached skill level 4 in Ice Magic
   783 | D:2      | Reached XP level 3. HP: 20/24 MP: 3/6
  1081 | D:2      | Found a deep blue altar of Sif Muna.
  1191 | D:2      | Noticed Ijyb
  1208 | D:2      | Killed Ijyb
  1208 | D:2      | Reached skill level 5 in Ice Magic
  1208 | D:2      | Reached XP level 4. HP: 13/30 MP: 0/7
  1943 | D:3      | Found a glowing drain.
  1969 | Sewer    | Entered a sewer
  2110 | Sewer    | Reached XP level 5. HP: 25/35 MP: 9/9
  2309 | Sewer    | Reached skill level 6 in Ice Magic
  2310 | Sewer    | Slain by a green rat

Action                   |  1- 3 |  4- 6 || total
-------------------------+-------+-------++-------
Melee: Short sword       |    98 |   139 ||   237
       Unarmed           |     3 |       ||     3
 Cast: Freeze            |    19 |    21 ||    40
  Use: Potion            |     1 |     3 ||     4
       Scroll            |       |     5 ||     5
 Stab: Sleeping          |     5 |     3 ||     8
